 Dungeon Crawl Stone Soup version 0.19.5 (webtiles) character file.

11029 Wunderwaffel the Slinger (level 11, -1/97 HPs)
             Began as a Minotaur Monk on Apr 18, 2017.
             Was a High Priest of Makhleb.
             Slain by an Executioner (7 damage)
             ... summoned by the player character
             ... on level 3 of the Lair of Beasts.
             The game lasted 01:27:46 (10093 turns).

Wunderwaffel the Slinger (Minotaur Monk)           Turns: 10093, Time: 01:27:46

Health: -1/97      AC: 20    Str: 19    XL:     11   Next: 43%
Magic:  19/19      EV: 11    Int:  7    God:    Makhleb [*****.]
Gold:   407        SH:  0    Dex: 18    Spells: 0 memorised, 10 levels left

rFire  + . .     SeeInvis +     a - +2 hand axe (venom)
rCold  . . .     Gourm    .     L - +2 chain mail of Cowardice {rElec rF+ MR+ Regen+}
rNeg   . . .     Faith    .     (no shield)
rPois  .         Spirit   .     (helmet restricted)
rElec  +         Reflect  .     w - +0 cloak of Haehymn {MR+ Dex+2}
rCorr  .         Harm     .     h - +1 pair of gloves
MR     ++...                    G - +2 pair of boots
Stlth  ..........               T - amulet of Devotion {*Contam Regen+ Dex+3 SInv Stlth+}
                                y - ring of flight
                                n - ring of magical power

@: very slightly contaminated, invisible
A: retaliatory headbutt, horns 2
a: Minor Destruction, Lesser Servant of Makhleb, Major Destruction, Greater
Servant of Makhleb, Renounce Religion, Evoke Flight


You were on level 3 of the Lair of Beasts.
You worshipped Makhleb.
Makhleb was extremely pleased with you.
You were hungry.

You visited 3 branches of the dungeon, and saw 13 of its levels.

You collected 625 gold pieces.
You spent 218 gold pieces at shops.

Inventory:

Hand Weapons
 a - a +2 hand axe of venom (weapon)
 b - a +1 hunting sling of flaming
 s - a +0 shortbow
 u - a +0 falchion
 M - a +0 mace
 P - a +0 flail of crushing
Missiles
 e - 170 stones (quivered)
 m - 144 arrows
 t - 57 sling bullets
Armour
 h - a +1 pair of gloves (worn)
 w - the +0 cloak of Haehymn (worn) {MR+ Dex+2}
   (You found it on level 4 of the Dungeon)

   It affects your dexterity (+2).
   It affects your resistance to hostile enchantments.
 x - a +0 chain mail
 G - a +2 pair of boots (worn)
 L - the +2 chain mail of Cowardice (worn) {rElec rF+ MR+ Regen+}
   (You bought it in a shop on level 5 of the Dungeon)

   It protects you from fire.
   It insulates you from electricity.
   It affects your resistance to hostile enchantments.
   It increases your rate of regeneration.
Rods
 O - a +0 rod of shadows (9/9)
   (You found it on level 9 of the Dungeon)
Jewellery
 l - an uncursed amulet of magic regeneration
 n - a ring of magical power (left hand)
 y - a ring of flight (right hand)
 T - the amulet of Devotion (around neck) {*Contam Regen+ Dex+3 SInv Stlth+}
   (You found it on level 1 of the Lair of Beasts)

   [amulet of regeneration]

   It affects your dexterity (+3).
   It lets you see invisible.
   It causes magical contamination when unequipped.
   It increases your rate of regeneration.
   It makes you more stealthy.
 U - an uncursed ring of wizardry
Wands
 q - a wand of acid (5/15)
 B - a wand of random effects (25/48)
 D - a wand of paralysis (13/24)
 J - a wand of random effects (17/48)
 K - a wand of lightning (9/15)
Scrolls
 k - 4 scrolls of remove curse
 p - 4 scrolls of recharging
 A - a scroll of magic mapping
 F - 2 scrolls of teleportation
Potions
 g - 2 potions of flight
 i - a potion of berserk rage
 j - a potion of lignification {unknown}
 o - a potion of brilliance
 r - 2 potions of ambrosia
 z - a potion of haste
 C - a potion of resistance
 E - a potion of cure mutation {unknown}
 N - a potion of agility {unknown}
Miscellaneous
 Q - 2 sacks of spiders
 R - a crystal ball of energy
Comestibles
 c - 6 bread rations
 d - 4 beef jerkies
 v - 3 meat rations
 H - 4 fruits
 I - 2 slices of pizza
 S - a royal jelly
 V - 5 chunks of flesh


   Skills:
 + Level 9.4 Fighting
 + Level 9.0(10.3) Axes
 + Level 8.4(10.1) Maces & Flails
 + Level 10.1(10.4) Slings
 + Level 3.7(7.0) Throwing
 + Level 8.8 Armour
 + Level 5.8 Dodging
 + Level 3.0 Stealth
 + Level 0.2 Invocations
 + Level 0.1 Evocations


You had 10 spell levels left.
You didn't know any spells.

Dungeon Overview and Level Annotations

Branches:
Dungeon (9/15)             Temple (1/1) D:5            Lair (3/6) D:9
  Swamp: Lair:2-4    Shoals: Lair:2-4     Snake: Lair:2-4    Spider: Lair:2-4
    Orc: D:9-12

Altars:
Ashenzari
Cheibriados
Dithmenos
Elyvilon
Fedhas
Gozag
Hepliaklqana
Kikubaaqudgha
Makhleb
Nemelex Xobeh
Okawaru
Qazlal
Ru
Sif Muna
Trog
Uskayaw
Vehumet
Xom
Yredelemnul
Zin
The Shining One

Shops:
D:5 [

Portals:
Ice
Cave: Lair:3

Annotations:
D:4 1 runed door


Innate Abilities, Weirdness & Mutations

You reflexively headbutt those who attack you in melee.
You have a pair of horns on your head.


Message History

* * * LOW HITPOINT WARNING * * *
The Executioner closely misses you.
The Executioner hits you but does no damage. x3
The Executioner misses you.
The rime drake bites you but does no damage.
The Executioner hits you!
* * * LOW HITPOINT WARNING * * *
The Executioner hits you but does no damage. x2
You are very lightly contaminated with residual magic.
The Executioner hits you but does no damage. x3
The rime drake breathes ice at the Executioner.
The flash freeze hits the Executioner.
The Executioner partially resists.
The Executioner is flash-frozen.
The Executioner closely misses you.
The Executioner hits you but does no damage. x2
The Executioner hits you.
* * * LOW HITPOINT WARNING * * *
The Executioner barely misses you.
The Executioner hits you but does no damage.
The Executioner hits you!
You die...

........................
....................# ###
#..................###
.PP.#...#####.##P.......##
....#...P..#.#####.....##.
.................#...÷.###
........#.......#......###
....#..†.#......##.....+..
.......†+@......##......##
#(#.....1####.#..#.....##
#.#P?..## ....#......
.......[. ............
......... ............
.......... ...........
.......... ........#..
........... .......
.##....


You could see an Executioner.

Vanquished Creatures
  The ghost of GLDimion the Thaumaturge, a journeyman DEFE of Vehumet (D:8)
  3 spiny frogs
  3 komodo dragons
  A polar bear (Lair:2)
  Grinder (D:7)
  A hornet (D:8)
  8 blink frogs (Lair:1)
  A hippogriff (D:7)
  3 wyverns
  6 yaks (Lair:2)
  A hungry ghost (D:7)
  5 water moccasins
  3 porcupines
  An ice beast (D:8)
  3 black bears
  6 wolves (Lair:3)
  An ogre (D:6)
  2 centaurs
  5 crocodiles
  Blork the orc (D:4)
  A big kobold (D:5)
  9 bullfrogs
  A wyvern skeleton (D:6)
  3 scorpions
  3 killer bees (D:9)
  4 howler monkeys
  A bullfrog zombie (D:6)
  5 crimson imps
  A centaur zombie (D:7)
  8 hounds
  A bullfrog skeleton (D:8)
  3 jellies
  2 orc priests
  8 orc wizards
  3 hell rats (D:6)
  2 iguanas
  9 worker ants
  Terence (D:3)
  A hound zombie (D:7)
  A hound skeleton (D:6)
  A howler monkey zombie (D:5)
  4 gnolls (D:2)
  15 adders
  3 river rats
  7 white imps (Lair:3)
  2 oozes
  3 worms
  4 dart slugs
  7 leopard geckos
  38 orcs
  2 giant cockroaches
  4 goblins
  5 hobgoblins
  8 jackals
  6 quokkas
  8 bats
  6 frilled lizards
  11 kobolds
  A quokka skeleton (D:8)
  31 rats
289 creatures vanquished.

Vanquished Creatures (others)
  2 fungi
  A plant (Lair:2)
3 creatures vanquished.

Grand Total: 292 creatures vanquished

Notes
Turn   | Place    | Note
-------+----------+-------------------------------------------
     0 | D:1      | Wunderwaffel the Minotaur Monk began the quest for the Orb.
     0 | D:1      | Reached XP level 1. HP: 19/19 MP: 0/0
   276 | D:1      | Reached XP level 2. HP: 3/27 MP: 1/1
   933 | D:1      | Reached XP level 3. HP: 33/33 MP: 2/2
  1247 | D:2      | Reached skill level 1 in Throwing
  1315 | D:2      | Reached XP level 4. HP: 40/40 MP: 3/3
  1331 | D:2      | Reached skill level 1 in Slings
  1892 | D:3      | Reached XP level 5. HP: 44/46 MP: 4/4
  2004 | D:3      | Reached skill level 5 in Maces & Flails
  2323 | D:3      | Reached skill level 1 in Armour
  2342 | D:3      | Noticed Terence
  2355 | D:3      | Killed Terence
  2355 | D:3      | Reached skill level 2 in Slings
  2641 | D:4      | Noticed Grinder
  2642 | D:4      | Paralysed by Grinder for 2 turns
  2648 | D:4      | Paralysed by Grinder for 2 turns
  2704 | D:4      | Reached XP level 6. HP: 52/52 MP: 5/5
  2822 | D:4      | Noticed Blork the orc
  2831 | D:4      | Killed Blork the orc
  2831 | D:4      | Reached skill level 3 in Slings
  2990 | D:4      | Found a glowing golden altar of the Shining One.
  3004 | D:4      | Noticed an angel
  3018 | D:4      | Got a twisted cloak
  3021 | D:4      | Found a runed door.
  3055 | D:4      | Identified the cursed +0 cloak of Haehymn {MR+ Dex+2} (You found it on level 4 of the Dungeon)
  3484 | D:5      | Entered Level 5 of the Dungeon
  3489 | D:5      | Reached XP level 7. HP: 57/60 MP: 6/6
  3502 | D:5      | Reached skill level 4 in Slings
  3823 | D:5      | Found Ranotodd's Antique Armour Emporium.
  3936 | D:5      | Reached skill level 5 in Slings
  3974 | D:5      | Found a staircase to the Ecumenical Temple.
  4023 | D:5      | Reached skill level 5 in Fighting
  4081 | D:5      | Found a glowing golden altar of the Shining One.
  4089 | D:5      | Reached XP level 8. HP: 41/68 MP: 7/7
  4349 | Temple   | Entered the Ecumenical Temple
  4600 | Temple   | Became a worshipper of Makhleb the Destroyer
  4600 | Temple   | Reached * piety under Makhleb
  4600 | Temple   | Reached ** piety under Makhleb
  4834 | D:6      | Reached skill level 6 in Slings
  5527 | D:6      | Reached *** piety under Makhleb
  5675 | D:6      | Reached skill level 7 in Slings
  5869 | D:7      | Noticed a hippogriff
  5876 | D:7      | Killed a hippogriff
  5921 | D:7      | Reached XP level 9. HP: 75/75 MP: 8/8
  6070 | D:7      | Found a stormy altar of Qazlal.
  6104 | D:7      | Paralysed by Grinder for 6 turns
  6117 | D:7      | Killed Grinder
  6259 | D:7      | Reached skill level 8 in Slings
  6483 | D:7      | Reached skill level 5 in Dodging
  6786 | D:5      | Bought a transparent chain mail for 218 gold pieces
  6796 | D:5      | Identified the +2 chain mail of Cowardice {rElec rF+ MR+ Regen+} (You bought it in a shop on level 5 of the Dungeon)
  7187 | D:8      | Noticed GLDimion's ghost (journeyman DEFE)
  7189 | D:8      | Reached skill level 5 in Armour
  7233 | D:8      | Killed GLDimion's ghost
  7364 | D:8      | Reached skill level 9 in Slings
  7623 | D:8      | Reached **** piety under Makhleb
  7722 | D:8      | Reached XP level 10. HP: 64/86 MP: 9/9
  7840 | D:9      | Found a staircase to the Lair.
  8227 | D:9      | Found a bloodstained altar of Trog.
  8467 | Lair:1   | Entered Level 1 of the Lair of Beasts
  8477 | Lair:1   | Reached skill level 5 in Axes
  8608 | Lair:1   | Reached skill level 10 in Slings
  8683 | Lair:1   | Noticed a spiny frog
  8693 | Lair:1   | Killed a spiny frog
  8765 | Lair:1   | Noticed a spiny frog
  8780 | Lair:1   | Killed a spiny frog
  8953 | Lair:1   | Reached XP level 11. HP: 57/95 MP: 10/10
  9017 | Lair:1   | Got a shimmering ruby amulet
  9019 | Lair:1   | Identified the amulet of Devotion {*Contam Regen+ Dex+3 SInv Stlth+} (You found it on level 1 of the Lair of Beasts)
  9719 | Lair:2   | Reached ***** piety under Makhleb
  9961 | Lair:3   | Found a frozen archway.
 10083 | Lair:3   | Noticed an Executioner
 10093 | Lair:3   | Slain by an Executioner

Skill      XL: |  1  2  3  4  5  6  7  8  9 10 11 |
---------------+----------------------------------+-----
Maces & Flails | 4 5 6 7 8 |  8.4
Throwing       | 1 2 3 |  3.7
Stealth        | 2 3 |  3.0
Fighting       | 4 5 6 7 8 9 |  9.4
Slings         | 1 2 3 5 7 9 10 | 10.1
Armour         | 1 2 3 4 6 8 |  8.8
Dodging        | 4 5 |  5.8
Axes           | 3 7 9 |  9.0
Invocations    | |  0.2
Evocations     | |  0.1

Action                   |  1- 3 |  4- 6 |  7- 9 | 10-12 || total
-------------------------+-------+-------+-------+-------++-------
Melee: Mace              |    48 |   117 |   192 |       ||   357
       Headbutt          |     7 |    19 |    66 |    55 ||   147
       Hunting sling     |       |       |     1 |       ||     1
       Hand axe          |       |       |    86 |   257 ||   343
 Fire: Hunting sling     |    14 |    83 |   173 |    49 ||   319
Throw: Stone             |    58 |     8 |    20 |    49 ||   135
Invok: Greater Servant o |       |       |       |     1 ||     1
 Abil: Evoke Flight      |       |     1 |       |       ||     1
Evoke: Sack of spiders   |       |       |       |     1 ||     1
  Use: Scroll            |     4 |     8 |     6 |     6 ||    24
       Potion            |       |     1 |     2 |     1 ||     4
 Stab: Sleeping          |       |       |     2 |       ||     2
  Eat: Chunk             |     1 |     7 |    10 |     7 ||    25
       Bread ration      |       |       |     1 |       ||     1
       Fruit             |       |       |     2 |       ||     2
Armor: Robe              |     6 |       |       |       ||     6
       Ring mail         |     4 |    42 |    64 |       ||   110
       Chain mail        |       |       |    57 |   186 ||   243
Dodge: Dodged            |    28 |    73 |   138 |   133 ||   372
